 Dungeon Crawl Stone Soup version 0.31-a0-430-gf8416d752b (webtiles) character file.

Game seed: 6502560192934364358

427 AdnanSaban the Covered (level 6, 0/39 HPs)
             Began as a Gargoyle Fighter on July 31, 2023.
             Slain by a gnoll
             ... wielding a +0 flail
              (5 damage)
             ... on level 4 of the Dungeon.
             The game lasted 00:02:17 (2084 turns).

AdnanSaban the Covered (Gargoyle Fighter)           Turns: 2084, Time: 00:02:17

Health: 0/39       AC: 12    Str: 22    XL:     6   Next: 97%
Magic:  6/6        EV:  9    Int:  8    God:
Gold:   112        SH:  4    Dex:  9    Spells: 5/5 levels left

rFire   . . .        a - +0 flail
rCold   . . .        c - +0 buckler
rNeg    + . .        b - +0 scale mail
rPois   ∞            (no helmet)
rElec   +            n - +0 cloak
rCorr   .            (no gloves)
SInv    .            (no boots)
Will    .....        (no amulet) Stlth
                     (no ring)
HPRegen 0.26/turn    (no ring)
MPRegen 0.10/turn

%: no passive effects
@: weakened
A: sickness immunity, AC +4, negative energy resistance 1, electricity
resistance, torment resistance 1, petrification resistance
a: no special abilities


You were on level 4 of the Dungeon.
You visited 1 branch of the dungeon, and saw 4 of its levels.
You visited the Abyss 1 time.

You collected 112 gold pieces.

Inventory:

Hand Weapons
 a - a +0 flail (weapon)
Armour
 b - a +0 scale mail (worn)
 c - a +0 buckler (worn)
 n - a +0 cloak (worn)
Scrolls
 f - a scroll of silence {unknown}
 g - a scroll of vulnerability {unknown}
 i - 2 scrolls of blinking {unknown}
 j - 2 scrolls of identify {unknown}
 k - a scroll of teleportation {unknown}
 l - 2 scrolls of immolation {unknown}
 m - a scroll of enchant weapon {unknown}
 o - a scroll of enchant armour {unknown}
 p - a scroll of brand weapon {unknown}
 r - 4 scrolls of fog {unknown}
Potions
 d - a potion of might
 e - 2 potions of attraction {unknown}
 h - 2 potions of curing {unknown}
 q - 2 potions of degeneration {unknown}
 s - 2 potions of haste {unknown}
 t - 2 potions of brilliance {unknown}


   Skills:
 + Level 4.3 Fighting
 + Level 4.9 Maces & Flails
 + Level 5.0 Armour
 + Level 1.3 Dodging
 + Level 0.1 Stealth
 + Level 3.9 Shields


You had 5 spell levels left.
You didn't know any spells.
Your spell library contained the following spells:

 Spells                   Type           Power      Damage    Failure   Level
 Sandblast                Erth           0%         2d4       78%         1
 Summon Small Mammal      Summ           0%         N/A       78%         1
 Passwall                 Tmut/Erth      0%         N/A       89%         2
 Poisonous Vapours        Pois/Air       0%         N/A       89%         2
 Call Canine Familiar     Summ           0%         N/A       98%         3
 Mephitic Cloud           Conj/Pois/Air  0%         N/A       98%         3
 Stone Arrow              Conj/Erth      0%         3d7       98%         3
 Summon Guardian Golem    Hex/Summ       0%         N/A       98%         3
 Animate Armour           Summ/Erth      0%         N/A       100%        4
 Freezing Cloud           Conj/Ice/Air   0%         6-21      100%        5
 Lehudib's Crystal Spear  Conj/Erth      0%         10d2      100%        8


Dungeon Overview and Level Annotations

Branches:
Dungeon (4/15)
 Temple: D:4-7

Altars:
Qazlal

Shops:
D:1 (


Innate Abilities, Weirdness & Mutations

You are immune to sickness and miasma.
Your stone body is resilient. (AC +4)
You are immune to poison.
You resist negative energy. (rN+)
You are resistant to electric shocks. (rElec)
You are resistant to unholy torment.
You are immune to petrification.


Message History

The orange demon stings you but does no damage.
The orange demon hits you but does no damage.
You block the orange demon's attack. The orange demon hits you.
You feel as though you will be weak longer.
You thump the orange demon!
The orange demon is almost dead.
The orange demon stings you.
* * * LOW HITPOINT WARNING * * *
The orange demon hits you but does no damage.
You hit the orange demon but do no damage.
The orange demon is almost dead.
The orange demon stings you but does no damage.
The orange demon hits you.
* * * LOW HITPOINT WARNING * * *
You hit the orange demon.
You kill the orange demon!
Your Fighting skill increases to level 4!
Your Maces & Flails skill increases to level 4!
Your Armour skill increases to level 5!
Your Dodging skill increases to level 1!
You have reached level 6!
The substance of the Abyss twists violently, and a gateway leading out appears!
A flying skull comes into view.
The flying skull moves out of view.
There is a gateway leading out of the Abyss here.
You pass through the gate.
Welcome back to the Dungeon!
The gnoll closely misses you. The gnoll attacks as you move away!
The gnoll closely misses you. The gnoll hits you but does no damage.
Space warps around you.
* * * LOW HITPOINT WARNING * * *
Unknown command.
The gnoll barely misses you. The gnoll attacks as you move away!
You block the gnoll's attack. The gnoll attacks as you move away!
You block the gnoll's attack. The gnoll attacks as you move away!
The gnoll hits you with a +0 flail.
* * * LOW HITPOINT WARNING * * *
The gnoll attacks as you move away! The gnoll hits you but does no damage.
There is a stone staircase leading up here.
The gnoll hits you with a +0 flail.
You die...

#.........#.# #.........#.#
########.........#.##.#..
#####........................
#(....######.........#.##.#.#
#....>...g.g.g..............
#....g########.g.#.###.##.#.
#...?.# #.#g#.# .# # #..##.#
######..@#.# .. #.# ♣g♣
#....#.#.#.# ... #. ♣.♣
#....###.#.# ...# #


ggg ##.......#.# .# ... ##..#####.# ..... ##.# #.# .♣..) #.# ..# ....♣.. #.# ###
### You could see 2 gnolls.

Vanquished Creatures
  An orange demon (Abyss:1)
  8 adders
  A worm (D:2)
  3 dart slugs (D:2)
  3 orcs (D:3)
  An endoplasm (D:2)
  4 giant cockroaches
  6 goblins
  11 hobgoblins
  A quokka (D:2)
  A ball python (D:1)
  4 bats
  4 frilled lizards
  4 kobolds
  2 rats
54 creatures vanquished.

Notes
Turn   | Place    | Note
-------+----------+-------------------------------------------
     0 | D:1      | AdnanSaban the Gargoyle Fighter began the quest for the
                  | Orb.
     0 | D:1      | Reached XP level 1. HP: 14/14 MP: 1/1
   136 | D:1      | Reached XP level 2. HP: 15/19 MP: 2/2
   279 | D:1      | Found Zyotz's Antique Weapon Shoppe.
   629 | D:2      | Reached XP level 3. HP: 10/24 MP: 3/3
   757 | D:2      | Reached skill level 4 in Armour
   882 | D:2      | Reached XP level 4. HP: 28/29 MP: 4/4
  1328 | D:3      | Found a stormy altar of Qazlal.
  1558 | D:3      | Reached XP level 5. HP: 33/33 MP: 5/5
  1975 | Abyss:1  | Cast into level 1 of the Abyss (gnoll)
  2044 | Abyss:1  | Found a corrupted altar of Lugonu.
  2045 | Abyss:1  | Found a corrupted altar of Lugonu.
  2045 | Abyss:1  | Found a corrupted altar of Lugonu.
  2045 | Abyss:1  | Noticed an orange demon
  2060 | Abyss:1  | Killed an orange demon
  2061 | Abyss:1  | Reached skill level 5 in Armour
  2061 | Abyss:1  | Reached skill level 1 in Dodging
  2061 | Abyss:1  | Reached XP level 6. HP: 10/39 MP: 6/6
  2065 | Abyss:1  | Noticed a flying skull
  2069 | D:4      | Escaped the Abyss
  2084 | D:4      | Slain by a gnoll

Illustrated notes

Levels and vault maps discovered:
D:1:      roderic_crop_circles_arrival_small, layout_loops_cross, serial_shops,
          nicolae_shop_pleasant_corner_grove
D:2:      layout_basic
D:3:      layout_loops_ring, mainiacjoe_overflow_catwalk
D:4:      layout_basic, nicolae_wu_jian_glorious_leap,
          minmay_temple_entry_trees, minmay_misc_feat_four_crosses,
          nicolae_elemental_shop, hangedman_glass_teeth, eino_curves_02,
          pf_guarded_unrand_woodcutter

Skill      XL: |  1  2  3  4  5 |
---------------+----------------+-----
Armour         | 4 5 |  5.0
Maces & Flails | 3 4 |  4.9
Fighting       | 4 |  4.3
Dodging        | 1 |  1.3
Stealth        | |  0.1
Shields        | |  3.9

Action                     |  1- 3 |  4- 6 || total
---------------------------+-------+-------++-------
  Melee: Flail             |   131 |    76 ||   207
 Armour: Scale mail        |    51 |    45 ||    96
  Dodge: Dodged            |    55 |    32 ||    87
  Block: Buckler           |    18 |    23 ||    41

Table legend: (Time is in decaauts)
 A = Elapsed time spent in this place.
 B = Non-inter-level travel time spent in this place.
 C = Inter-level travel time spent in this place.
 D = Time resting spent in this place.
 E = Time spent auto-exploring this place.
 F = Levels seen in this place.
 G = Mean time per level.
                   A        B        C        D        E       F      G
               +--------+--------+--------+--------+--------+-----+--------+
         Total |   2145 |   2037 |    108 |      0 |   1524 |   5 |  429.0 |
       Dungeon |   2047 |   1939 |    108 |      0 |   1455 |   4 |  511.8 |
         Abyss |     98 |     98 |      0 |      0 |     69 |   1 |   98.0 |
               +--------+--------+--------+--------+--------+-----+--------+

Top non-repeatable levels by time:
     D:2: 713 daAuts
     D:3: 667 daAuts
     D:1: 594 daAuts
 Abyss:1: 98 daAuts
     D:4: 72 daAuts
